 Dungeon Crawl Stone Soup version 0.19.1 (webtiles) character file.

238 HessuHobo the Chopper (level 5, 0/61 HPs)
             Began as a Demonspawn Berserker on Dec 27, 2016.
             Was a Believer of Trog.
             Succumbed to a worker ant's poison
             ... on level 4 of the Dungeon.
             The game lasted 00:07:43 (5305 turns).

HessuHobo the Chopper (Demonspawn Berserker)        Turns: 5305, Time: 00:07:44

Health: 0/61       AC: 22    Str: 18    XL:     5   Next: 78%
Magic:  4/5        EV:  2    Int:  8    God:    Trog [**....]
Gold:   180        SH:  0    Dex: 18    Spells: 0 memorised, 4 levels left

rFire  . . .     SeeInvis .     a - +0 hand axe
rCold  . . .     Gourm    .     (armour currently unavailable)
rNeg   + + +     Faith    .     (no shield)
rPois  +         Spirit   +     (helmet currently unavailable)
rElec  .         Reflect  .     (cloak currently unavailable)
rCorr  .         Harm     .     (gloves currently unavailable)
MR     .....     NoTele   +     (boots currently unavailable)
Stlth  +++.......               k - amulet of guardian spirit
                                (no ring)
                                (no ring)

@: agile, lethally poisoned (0 -> -2), exhausted, tree-form, very slightly
contaminated, hasted and slowed
A: (hooves 0)
a: Berserk, Trog's Hand, Burn Spellbooks, Renounce Religion


You were on level 4 of the Dungeon.
You worshipped Trog.
Trog was pleased with you.
You were very hungry.
You were a tree.
You visited 1 branch of the dungeon, and saw 4 of its levels.

You collected 180 gold pieces.

Inventory:

Hand Weapons
 a - a +0 hand axe (weapon)
Armour
 b - a +0 animal skin (melded)
Jewellery
 k - an amulet of guardian spirit (around neck)
 r - an uncursed amulet of the gourmand {unknown}
Scrolls
 c - 3 scrolls of identify {unknown}
 e - a scroll of magic mapping {unknown}
 f - 2 scrolls of noise {unknown}
 g - 2 scrolls of amnesia {unknown}
 h - a scroll of enchant armour {unknown}
 j - 3 scrolls of teleportation {unknown}
 n - a scroll of enchant weapon {unknown}
 p - a scroll of immolation {unknown}
 q - a scroll of random uselessness {unknown}
Potions
 d - 2 potions of cure mutation
Comestibles
 o - a bread ration


   Skills:
 + Level 3.6 Fighting
 + Level 4.3 Axes
 + Level 2.0 Armour
 + Level 3.6 Dodging
 + Level 1.0 Stealth


You had 4 spell levels left.
You didn't know any spells.

Dungeon Overview and Level Annotations

Branches:
Dungeon (4/15)
 Temple: D:4-7

Altars:
Gozag
Kikubaaqudgha
Nemelex Xobeh
Ru
Trog
Uskayaw
Xom
Zin
The Shining One

Annotations:
D:3 1 exclusion


Innate Abilities, Weirdness & Mutations

((You have large cloven feet.))


Message History

There is a lethal amount of poison in your body!
Drop what? 15/52 slots (_ for help) (? for menu, Esc to quit)
Okay, then.
You cannot move.
You cannot move.
You cannot move.
You cannot move.
You cannot move.
You cannot move.
You cannot move.
There is a lethal amount of poison in your body!
There is a lethal amount of poison in your body!
There is a lethal amount of poison in your body!
There is a lethal amount of poison in your body!
There is a lethal amount of poison in your body!
You cannot move.
You cannot move.
You cannot move.
You swing at nothing.
You die...

#######..#..###........# #.#
#######..#....#........# #.#
......#..##.#.#........# #.#
#####.#..##.#.#........# #.#
#.#..##.#.#........####.#
#####.#..##.#.#.............#
....#.#..##.#.#........##########
###.#.#..##.#...†......'.........
......#.(##.#...♣......##########
###.###.....#..####.............#
.........#..#.........#########.#
###..#####..##.####.#.#### #.#
.##..##....>...#..#.#.##<# #.#
.#8..8#..####..#..#.#.##.# #.#
#..>...######..#<.#.#.##.# #.#
...............#..#.#.##.# #.#
##8..8#......#.#.##.#.##.######.#


There were no monsters in sight!

Vanquished Creatures
  2 hounds (D:4)
  A worker ant (D:4)
  A hound skeleton (D:3)
  3 adders
  A shadow imp (D:4)
  3 oozes
  2 worms
  4 dart slugs
  2 leopard geckos (D:3)
  2 orcs (D:3)
  5 giant cockroaches
  9 goblins
  6 hobgoblins
  4 jackals
  6 kobolds
  2 quokkas (D:3)
  12 bats
  2 frilled lizards (D:1)
  8 rats
  A plant (D:3)
76 creatures vanquished.

Notes
Turn   | Place    | Note
-------+----------+-------------------------------------------
     0 | D:1      | HessuHobo the Demonspawn Berserker began the quest for the Orb.
     0 | D:1      | Reached XP level 1. HP: 18/18 MP: 1/1
   597 | D:1      | Gained mutation: You have large cloven feet. [demonic ancestry]
   597 | D:1      | Reached XP level 2. HP: 6/24 MP: 2/2
  1169 | D:1      | Reached skill level 3 in Axes
  1568 | D:1      | Reached XP level 3. HP: 28/29 MP: 3/3
  2681 | D:3      | Found a sacrificial altar of Ru.
  2681 | D:3      | Found a hide-covered altar of Uskayaw.
  2800 | D:3      | Reached XP level 4. HP: 15/35 MP: 4/4
  2984 | D:3      | Found an opulent altar of Gozag.
  2984 | D:3      | Found a glowing golden altar of the Shining One.
  2989 | D:3      | Found a glowing silver altar of Zin.
  2989 | D:3      | Found a sparkling altar of Nemelex Xobeh.
  3030 | D:3      | Found a shimmering altar of Xom.
  3063 | D:3      | Reached ** piety under Trog
  4536 | D:4      | Reached XP level 5. HP: 32/41 MP: 3/5
  4566 | D:4      | Reached skill level 4 in Axes
  4842 | D:4      | Found a bloodstained altar of Trog.
  5183 | D:4      | Found an ancient bone altar of Kikubaaqudgha.
  5293 | D:4      | Reached skill level 1 in Stealth
  5302 | D:4      | HP: 2/41 [poisoned by a worker ant]
  5305 | D:4      | Succumbed to a worker ant's poison

Skill      XL: |  1  2  3  4  5 |
---------------+----------------+-----
Armour         | 2 |  2.0
Dodging        | 2 3 |  3.6
Axes           | 3 4 |  4.3
Stealth        | 1 |  1.0
Fighting       | |  3.6

Action                   |  1- 3 |  4- 6 || total
-------------------------+-------+-------++-------
Melee: Hand axe          |   100 |   241 ||   341
       Kick              |    18 |   103 ||   121
Invok: Berserk           |     3 |     4 ||     7
  Use: Potion            |       |     4 ||     4
  Eat: Chunk             |     2 |     3 ||     5
       Meat ration       |     1 |     1 ||     2
       Bread ration      |     1 |       ||     1
Armor: Animal skin       |    50 |    45 ||    95
Dodge: Dodged            |   101 |   182 ||   283
